 Dungeon Crawl Stone Soup version 0.17-a0-1550-g78a4890 (console) character file.

30 Monkaria the Skirmisher (level 3, -3/33 HPs)
             Began as a Minotaur Berserker on July 19, 2015.
             Was a Believer of Trog.
             Slain by Crazy Yiuf
             ... wielding a +3 quarterstaff of chaos
              (8 damage)
             ... on level 2 of the Dungeon.
             The game lasted 00:00:57 (755 turns).

Monkaria the Skirmisher (Minotaur Berserker)         Turns: 755, Time: 00:00:57

Health: -3/33      AC:  2    Str: 22    XL:     3   Next: 3%
Magic:  2/2        EV: 12    Int:  4    God:    Trog [**....]
Gold:   84         SH:  0    Dex:  9    Spells: 0 memorised, 2 levels left

rFire  . . .     SeeInvis .     a - +0 spear
rCold  . . .     Clarity  .     b - +0 animal skin
rNeg   . . .     SustAt   .     (no shield)
rPois  .         Gourm    .     (helmet restricted)
rElec  .         Spirit   .     (no cloak)
rCorr  .         Warding  .     (no gloves)
rMut   .         Stasis   .     (no boots)
MR     ++...                    (no amulet)
Stlth  +.........               (no ring)
                                (no ring)

@: regenerating, very resistant to hostile enchantments, very unstealthy
A: retaliatory headbutt, horns 2
a: Burn Spellbooks, Berserk, Trog's Hand, Renounce Religion


You were on level 2 of the Dungeon.
You worshipped Trog.
Trog was pleased with you.
You were not hungry.

You visited 1 branch of the dungeon, and saw 2 of its levels.

You collected 84 gold pieces.

Inventory:

Hand weapons
 a - a +0 spear (weapon)
Missiles
 j - 16 poisoned needles
Armour
 b - a +0 animal skin (worn)
Scrolls
 d - 3 scrolls of identify {unknown}
 e - a scroll of remove curse {unknown}
 f - 2 scrolls of teleportation {unknown}
 g - a scroll of recharging {unknown}
 n - a scroll of enchant armour {unknown}
Potions
 h - a potion of cure mutation {unknown}
 k - a potion of poison {unknown}
 l - a potion of beneficial mutation {unknown}
Comestibles
 c - a bread ration
 m - a royal jelly


   Skills:
 - Level 4.0 Fighting
 - Level 4.0 Polearms
 + Level 3.5 Armour
 - Level 2.1 Dodging


You had 2 spell levels left.
You didn't know any spells.

Dungeon Overview and Level Annotations

Branches:
Dungeon (2/15)

Altars:
Okawaru
The Shining One

Annotations:
D:2 Crazy Yiuf


Innate Abilities, Weirdness & Mutations

You reflexively headbutt those who attack you in melee.
You have a pair of horns on your head.


Message History

Crazy Yiuf is too close now for your liking.
Crazy Yiuf is nearby!
You hit Crazy Yiuf.
Crazy Yiuf is lightly wounded.
Crazy Yiuf barely misses you.
You puncture Crazy Yiuf! Your headbutt misses Crazy Yiuf.
Crazy Yiuf is heavily wounded.
Crazy Yiuf hits you with a quarterstaff of chaos!
You are electrocuted!
* * * LOW HITPOINT WARNING * * *
You are too injured to fight recklessly!
You are too injured to fight recklessly!
You are too injured to fight recklessly!
You are too injured to fight recklessly!
Use which ability? (? or * to list)
Your skin crawls.
You feel resistant to hostile enchantments.
You feel slightly more hungry.
Crazy Yiuf hits you with a quarterstaff of chaos!
You die...

#######.# ######
.....##.#
####.##.##
####.....# #####
.........# #...#
##########
##.##### ###
♣♣###.......
#)..#♣♣
♣♣.....######
#...g@♣♣♣♣......#
#...#♣..♣......##
### ♣♣♣.♣....##
♣♣♣♣♣###


You could see Crazy Yiuf.

Vanquished Creatures
  4 bats (D:2)
  A giant cockroach (D:2)
  6 hobgoblins
  5 kobolds
  A quokka (D:2)
  A ball python (D:1)
  2 giant newts (D:1)
  4 goblins
  3 rats
27 creatures vanquished.

Notes
Turn   | Place    | Note
--------------------------------------------------------------
     0 | D:1      | Monkaria the Minotaur Berserker began the quest for the Orb.
     0 | D:1      | Reached XP level 1. HP: 19/19 MP: 0/0
    51 | D:1      | Reached skill level 4 in Fighting
   237 | D:1      | Reached XP level 2. HP: 24/27 MP: 1/1
   415 | D:2      | Acquired Trog's second power
   585 | D:2      | Reached XP level 3. HP: 31/33 MP: 2/2
   642 | D:2      | Found a glowing golden altar of the Shining One.
   682 | D:2      | Found an iron altar of Okawaru.
   750 | D:2      | Noticed Crazy Yiuf
   755 | D:2      | Slain by Crazy Yiuf

Vault maps used:
D:1:      dpeg_arrival_round_c
D:2:      overflow_temple_1_default, okawaru_metal_pillars_1_2, st_stairs_10,
          uniq_crazy_yiuf_cottage

Action                   || total
-------------------------++-------
Melee: Spear             ||    65
Invok: Trog's Hand       ||     1
